Map: Blueshift LE

Players

ebosherqa - Winner!

  • Race: Terran Terran
  • League: Diamond
  • Spawn Location: 1:00

Apoptosis

  • Race: Zerg Zerg
  • League: Diamond
  • Spawn Location: 7:00

VOD

Have the link to the VOD?

Description

Time

  • Played on: Sept. 7, 2018, 6:50 a.m.
  • Length: 10:15
Show
View Real Time Build Order
Export as new Build Order

ebosherqa Terran - Winner!

Build Orders: Liberator Opening, Reaper Expand, MMM Bio 

Get SALT Encoding   

  12  0:00  SCV  
  13  0:13  SCV  
  14  0:17  Supply Depot  
  14  0:25  SCV  
  15  0:39  SCV  
  15  0:41  Barracks  
  16  0:44  Refinery  
  16  0:51  SCV  
  17  1:03  SCV  
  18  1:15  SCV  
  19  1:28  Orbital Command  
  19  1:29  Reaper  
  20  1:43  Command Center  
  20  1:55  SCV  
  20  1:59  Supply Depot  
  21  2:03  Marine  
  21  2:07  SCV  
  23  2:11  Factory  
  23  2:17  Refinery  
  23  2:21  SCV  
  24  2:33  Barracks Reactor  
  24  2:36  SCV  
  25  2:48  SCV  
  26  3:08  Starport, SCV  
  26  3:09  Orbital Command  
  27  3:18  Barracks Tech Lab, Hellion x2  
  31  3:20  SCV  
  32  3:32  Liberator, SCV  
  33  3:39  Hellion  
  33  3:40  Hellion  
  37  3:44  SCV  
  37  3:45  Stimpack, Supply Depot  
  37  3:48  Marine  
  38  3:51  SCV  
  43  3:56  SCV  
  43  4:01  Hellion  
  46  4:06  SCV  
  46  4:07  Hellion  
  46  4:08  SCV  
  50  4:10  Supply Depot  
  50  4:18  SCV  
  50  4:20  SCV  
  52  4:31  SCV  
  53  4:32  SCV  
  53  4:33  Command Center  
  53  4:37  Supply Depot  
  54  4:48  SCV x2  
  56  4:54  Barracks x2, Starport Reactor  
  56  4:55  Marine  
  57  5:00  SCV x2  
  57  5:03  Engineering Bay  
  57  5:04  Engineering Bay, Refinery  
  59  5:08  Factory Tech Lab  
  59  5:12  SCV x2  
  59  5:13  Marine  
  62  5:16  Supply Depot  
  62  5:24  SCV  
  62  5:26  SCV  
  64  5:36  SCV  
  62  6:02  Combat Shields, Siege Tank  
  62  6:04  Terran Infantry Weapons Level 1  
  65  6:05  Terran Infantry Armor Level 1  
  65  6:06  SCV x2  
  65  6:07  Orbital Command  
  65  6:08  Starport Reactor  
  65  6:10  Supply Depot  
  67  6:11  Refinery  
  67  6:15  Marine x3  
  67  6:16  Marine, Marauder  
  67  6:18  SCV x2  
  75  6:24  Barracks x2  
  75  6:25  Armory  
  75  6:30  SCV  
  76  6:49  Siege Tank  
  76  6:50  Marine x2  
  76  6:51  Marine x2, Marauder  
  76  6:52  Medivac x2  
  76  6:53  SCV x2  
  89  6:59  SCV  
  90  7:05  SCV  
  91  7:11  Marine x4  
  91  7:12  Barracks Tech Lab, Marauder  
  91  7:13  Barracks Reactor  
  91  7:14  Supply Depot, SCV  
  88  7:15  Terran Vehicle Weapons Level 1  
  87  7:33  Siege Tank, Marauder  
  87  7:34  Concussive Shells  
  87  7:35  Marine x4  
  87  7:36  Marauder  
  98  7:37  Supply Depot, Medivac  
  98  7:38  Medivac  
  98  7:41  Orbital Command  
  102  7:55  Supply Depot  
  102  7:59  Marine  
  102  8:00  Supply Depot, Marine x2, Marauder x2  
  102  8:01  Supply Depot  
  109  8:10  SCV  
  109  8:11  SCV x2  
  112  8:19  Supply Depot, Sensor Tower  
  112  8:20  Marine x2  
  112  8:21  Marine x2, Marauder  
  112  8:22  Marauder  
  120  8:34  SCV  
  120  8:35  SCV x2  
  120  8:40  Marine x4  
  127  8:41  Siege Tank  
  127  8:43  Marauder  
  132  8:51  SCV x3, Marine x3  
  132  8:52  Medivac x2  
  142  8:58  Refinery  
  142  9:00  Refinery  
  142  9:03  SCV x2  
  144  9:10  Marine x5  
  144  9:12  Command Center  
  144  9:17  Marine  
  149  9:18  Marine x2  
  149  9:19  Siege Tank  
  140  9:34  Marine x3  
  140  9:35  Marine x3  
  140  9:36  Marauder  
  148  9:46  Supply Depot  
  148  9:47  Marauder  
  157  9:53  Barracks  
  157  9:54  Barracks  
  157  9:55  Marine x4  
  157  9:56  Marine, Barracks  
  163  10:08  Supply Depot  
Show
View Real Time Build Order
Export as new Build Order

Apoptosis Zerg 

Build Orders: Hatch First 

Get SALT Encoding   

  12  0:01  Drone  
  13  0:13  Overlord  
  13  0:16  Drone  
  14  0:31  Drone x2  
  14  0:35  Drone  
  17  0:52  Hatchery  
  17  0:55  Drone  
  17  0:59  Drone  
  18  1:09  Extractor  
  17  1:14  Spawning Pool  
  17  1:18  Drone  
  17  1:21  Drone  
  18  1:28  Drone  
  19  1:39  Overlord  
  19  2:01  Queen  
  19  2:02  Zergling x4  
  19  2:04  Queen  
  19  2:05  Zergling x2  
  26  2:11  Drone  
  26  2:15  Metabolic Boost  
  27  2:18  Drone  
  27  2:22  Drone  
  29  2:33  Drone x2  
  30  2:49  Queen  
  31  3:08  Hatchery  
  31  3:10  Drone x3  
  31  3:11  Drone x3  
  36  3:16  Overlord  
  36  3:33  Queen  
  38  3:52  Drone x6  
  38  3:53  Overlord x2  
  38  3:54  Overlord x2  
  44  4:02  Lair  
  44  4:15  Zergling x8  
  48  4:24  Extractor, Evolution Chamber, Roach Warren  
  47  4:25  Extractor  
  47  4:26  Zergling x2  
  47  4:27  Zergling x6  
  48  4:37  Drone x2  
  50  4:56  Zerg Missile Weapons Level 1  
  50  5:02  Drone  
  50  5:03  Zergling x8, Drone x3  
  50  5:04  Zergling x4  
  50  5:05  Glial Reconstitution  
  46  5:45  Zergling x8  
  50  5:54  Zergling x10  
  51  6:02  Drone x3  
  51  6:03  Drone x4  
  58  6:25  Roach x6  
  70  6:26  Roach  
  69  6:40  Roach x2  
  72  6:54  Overlord x3  
  72  6:55  Overlord  
  72  7:07  Queen  
  72  7:20  Roach x2  
  72  7:21  Roach x9  
  94  7:36  Drone x2  
  94  7:37  Drone x5  
  98  7:40  Baneling Nest  
  100  7:53  Zerg Ground Armor Level 1  
  100  7:54  Drone x4  
  100  7:55  Drone  
  100  7:57  Overlord x5  
  105  8:00  Overseer  
  105  8:04  Pneumatized Carapace  
  105  8:06  Extractor  
  105  8:09  Hydralisk Den  
  103  8:15  Overlord x2  
  103  8:17  Zergling x2  
  103  8:18  Zergling x2  
  105  8:23  Centrifical Hooks  
  105  8:32  Drone x5  
  105  8:33  Drone x2  
  112  8:43  Muscular Augments  
  112  8:44  Hydralisk x2  
  112  8:45  Hydralisk  
  118  8:51  Drone x2  
  118  8:52  Drone x2  
  122  8:56  Baneling x5  
  122  8:57  Baneling x2  
  122  8:58  Baneling  
  122  8:59  Baneling  
  122  9:00  Baneling  
  122  9:01  Baneling  
  88  9:26  Zergling x20  
  88  9:27  Zergling x8  
  80  9:42  Zergling x6  
  80  9:50  Hatchery  
Tags
 
Add a new tag
Caveats
  • Supply blocks, unpowered buildings, or Contaminate may cause inaccurate times.
  • Supply counts are checked every 10 seconds.